Map: [G8] Gresvan

Players

Reynor

  • Race: Zerg Zerg
  • Spawn Location: 5:00

Classic - Winner!

  • Race: Protoss Protoss
  • Spawn Location: 11:00

Event: Gamers8 2023

VOD

Have the link to the VOD?

Description

Time

  • Played on: Aug. 3, 2023, 10:22 a.m.
  • Length: 14:32

All games in this series

Show
View Real Time Build Order
Export as new Build Order

Reynor Zerg 

Build Orders: Hatch First 

Get SALT Encoding   

  12  0:00  Drone  
  13  0:12  Overlord  
  13  0:16  Drone  
  14  0:30  Drone x2  
  14  0:35  Drone  
  17  0:51  Hatchery  
  17  0:54  Drone  
  17  0:57  Drone  
  18  1:09  Extractor  
  17  1:12  Spawning Pool  
  17  1:16  Drone  
  17  1:20  Drone  
  18  1:28  Drone  
  19  1:38  Drone  
  20  1:49  Overlord  
  20  1:59  Queen  
  22  2:03  Queen  
  22  2:05  Drone x2  
  26  2:10  Drone  
  26  2:13  Metabolic Boost  
  26  2:14  Zergling x2  
  28  2:21  Drone  
  29  2:24  Zergling x2  
  30  2:31  Drone  
  30  2:36  Drone  
  32  2:46  Overlord  
  32  2:47  Queen  
  34  2:54  Drone x2  
  38  3:05  Drone x2  
  38  3:09  Queen, Hatchery  
  38  3:10  Drone  
  38  3:11  Drone  
  40  3:13  Drone  
  40  3:17  Overlord  
  40  3:19  Drone  
  41  3:21  Drone  
  42  3:29  Drone  
  43  3:35  Queen, Drone  
  43  3:40  Overlord  
  46  3:42  Drone x3  
  46  3:47  Queen  
  51  3:50  Overlord  
  51  3:57  Spore Crawler  
  51  3:58  Overlord  
  51  4:01  Drone  
  51  4:07  Overlord  
  51  4:11  Queen  
  51  4:12  Drone  
  51  4:14  Drone x2  
  51  4:15  Drone x3  
  59  4:18  Drone  
  59  4:19  Evolution Chamber, Drone  
  60  4:25  Queen  
  60  4:31  Drone x2  
  64  4:34  Drone x2  
  64  4:36  Spore Crawler  
  62  4:40  Roach Warren  
  62  4:43  Drone x2  
  62  4:44  Drone  
  65  4:47  Drone  
  66  4:53  Zerg Melee Weapons Level 1  
  66  4:54  Drone x3  
  66  4:57  Drone  
  69  5:00  Drone x3  
  69  5:04  Overlord  
  69  5:05  Drone x2  
  74  5:14  Drone x3  
  77  5:17  Hatchery, Drone  
  77  5:19  Zergling x4  
  77  5:20  Zergling x2  
  80  5:22  Zergling x2  
  80  5:26  Zergling x2, Lair  
  80  5:27  Extractor  
  80  5:28  Drone  
  82  5:35  Drone  
  81  5:36  Spore Crawler  
  81  5:37  Drone x3  
  81  5:39  Drone  
  81  5:42  Spore Crawler  
  81  5:43  Drone  
  81  5:45  Drone  
  81  5:46  Drone x2  
  83  5:51  Overlord  
  83  5:53  Drone  
  84  5:57  Drone x2  
  84  5:59  Drone  
  84  6:03  Extractor  
  85  6:06  Overlord  
  85  6:08  Extractor, Spore Crawler  
  85  6:10  Zergling x4  
  85  6:16  Overlord, Zergling x4  
  86  6:19  Spore Crawler, Drone  
  86  6:20  Zergling x2  
  86  6:22  Zergling x8  
  86  6:24  Glial Reconstitution  
  91  6:30  Roach, Baneling Nest  
  91  6:31  Drone  
  91  6:32  Roach  
  94  6:33  Overseer  
  94  6:36  Drone x2  
  94  6:37  Roach  
  94  6:38  Roach  
  100  6:43  Roach x2, Zergling x4  
  106  6:47  Zerg Melee Weapons Level 2  
  106  6:50  Drone x2  
  106  6:51  Drone x2  
  106  6:52  Roach, Spore Crawler  
  111  6:55  Overlord x2  
  111  6:56  Ravager  
  111  6:58  Zergling x6  
  115  7:02  Drone  
  115  7:04  Overlord  
  115  7:06  Drone x4  
  115  7:08  Overlord  
  120  7:13  Drone  
  120  7:15  Extractor, Drone x2  
  122  7:16  Centrifugal Hooks  
  122  7:17  Drone x2  
  122  7:19  Roach x4  
  122  7:22  Zergling x2  
  130  7:24  Overlord  
  130  7:26  Drone x3  
  130  7:27  Roach  
  130  7:29  Zergling x4  
  137  7:34  Overlord x3  
  137  7:36  Roach  
  139  7:39  Roach x2  
  139  7:42  Pneumatized Carapace  
  139  7:43  Roach, Zergling x2  
  146  7:45  Zergling x4  
  146  7:47  Extractor  
  146  7:49  Drone x2  
  146  7:50  Zergling x6  
  152  7:53  Zergling x4  
  152  7:55  Overlord  
  152  7:56  Zergling x4  
  156  8:00  Roach  
  156  8:01  Hatchery  
  156  8:03  Zergling x8  
  156  8:04  Zergling x2  
  162  8:06  Baneling x13  
  162  8:07  Zergling x2  
  162  8:09  Zergling x2  
  164  8:14  Roach x2  
  164  8:16  Extractor  
  164  8:18  Zergling x2  
  164  8:19  Zergling x12  
  174  8:20  Baneling  
  174  8:21  Baneling x6  
  174  8:24  Overlord x2  
  174  8:26  Zergling x4  
  176  8:30  Zergling x8  
  176  8:31  Zergling x2  
  176  8:33  Baneling  
  176  8:34  Baneling x7  
  181  8:35  Zergling x2  
  181  8:36  Zergling x2  
  182  8:45  Zergling x10  
  182  8:51  Roach x2, Zergling x2  
  182  8:53  Roach x2, Zergling x6  
  178  8:57  Roach  
  174  9:05  Zergling x6  
  174  9:06  Zergling x6, Baneling x5  
  174  9:07  Baneling x9  
  180  9:12  Zergling x2  
  180  9:15  Zergling x10  
  183  9:18  Zergling x4  
  183  9:19  Baneling x7  
  183  9:20  Roach x2, Zergling x4  
  191  9:30  Roach x3, Zergling x2  
  182  9:32  Roach  
  182  9:36  Roach  
  182  9:38  Roach, Zergling x2  
  177  9:41  Infestation Pit, Drone x6  
  177  9:44  Roach x2, Zergling x6  
  182  9:47  Roach  
  182  9:50  Baneling  
  182  9:51  Baneling x12  
  172  9:56  Zergling x8  
  167  10:00  Zergling x10  
  167  10:03  Zergling x2  
  167  10:06  Zergling x2  
  164  10:08  Zergling x2  
  164  10:10  Zergling x6  
  164  10:13  Zergling x10  
  165  10:20  Zergling x4  
  165  10:21  Zergling x4, Hive  
  151  10:22  Zergling x4  
  151  10:25  Baneling x9  
  151  10:27  Drone x6  
  157  10:29  Zergling x2  
  157  10:32  Roach  
  156  10:37  Spire, Baneling  
  156  10:38  Roach x2, Baneling x8, Zergling x2  
  156  10:39  Zergling x6  
  164  10:42  Drone  
  164  10:43  Drone x4  
  164  10:44  Extractor  
  164  10:46  Overlord x2  
  164  10:49  Ravager x3  
  170  10:51  Zergling x8  
  174  10:57  Overlord  
  174  10:58  Overlord  
  174  11:00  Overlord  
  174  11:05  Zergling x12  
  174  11:11  Zergling x14  
  180  11:14  Baneling x16  
  186  11:18  Zergling x4  
  186  11:19  Zergling x8  
  186  11:22  Ravager x2  
  194  11:25  Baneling  
  194  11:26  Baneling x3, Zergling x4  
  194  11:27  Zergling x6  
  194  11:29  Overseer  
  199  11:37  Baneling x5  
  184  11:54  Roach, Zergling x2  
  184  11:55  Zergling x38  
  184  11:56  Zergling x6  
  184  11:59  Zergling x2  
  175  12:02  Zergling x2  
  175  12:03  Baneling x4  
  175  12:04  Baneling x6  
  175  12:05  Roach x3  
  175  12:06  Queen  
  184  12:08  Roach  
  184  12:09  Roach x2  
  184  12:11  Roach  
  184  12:13  Zergling x14  
  184  12:15  Adrenal Glands  
  194  12:18  Baneling x7  
  187  12:25  Roach x2, Zergling x2  
  168  12:32  Roach x2, Zergling x12  
  144  12:37  Roach x2, Zergling x2  
  144  12:40  Roach  
  144  12:41  Roach x2, Zergling x6  
  144  12:43  Zergling x4  
  141  12:49  Roach x2  
Show
View Real Time Build Order
Export as new Build Order

Classic Protoss - Winner!

Build Orders: 1 Gate Expand, Oracle Opening 

Get SALT Encoding   

  12  0:00  Probe  
  13  0:12  Probe  
  14  0:17  Pylon  
  14  0:24  Probe (Chrono Boost)  
  15  0:36  Probe (Chrono Boost)  
  15  0:38  Gateway  
  16  0:45  Probe (Chrono Boost)  
  16  0:47  Assimilator  
  17  0:51  Probe  
  18  1:03  Probe  
  19  1:15  Probe  
  20  1:23  Nexus  
  20  1:27  Probe  
  21  1:37  Cybernetics Core  
  21  1:39  Probe  
  22  1:47  Assimilator  
  22  1:51  Pylon  
  22  1:54  Probe  
  23  2:09  Probe  
  23  2:11  Adept (Chrono Boost)  
  26  2:17  Stargate  
  26  2:21  Probe  
  27  2:27  Warp Gate  
  27  2:33  Probe (Chrono Boost)  
  27  2:36  Stalker  
  30  2:38  Probe (Chrono Boost)  
  30  2:40  Pylon  
  32  2:46  Probe (Chrono Boost)  
  32  2:47  Probe (Chrono Boost)  
  32  2:51  Probe (Chrono Boost)  
  33  2:52  Probe (Chrono Boost)  
  35  3:01  Probe  
  35  3:04  Probe  
  37  3:07  Oracle (Chrono Boost)  
  40  3:12  Pylon  
  40  3:14  Probe  
  40  3:16  Probe  
  42  3:24  Gateway  
  42  3:26  Probe  
  43  3:28  Probe  
  43  3:33  Oracle (Chrono Boost)  
  44  3:39  Probe  
  44  3:40  Probe  
  49  3:47  Nexus  
  49  3:50  Pylon  
  49  3:53  Probe x2  
  51  3:57  Assimilator  
  51  4:02  Oracle (Chrono Boost)  
  51  4:07  Assimilator  
  51  4:08  Probe x2  
  56  4:12  Pylon  
  56  4:20  Probe x2  
  58  4:24  Forge, Twilight Council  
  58  4:33  Probe x2  
  60  4:45  Gateway, Probe x2  
  62  4:46  Gateway  
  62  4:53  Gateway  
  62  4:54  Gateway  
  62  4:57  Probe (Chrono Boost)  
  62  4:59  Probe (Chrono Boost)  
  64  5:02  Adept x2  
  64  5:04  Probe (Chrono Boost)  
  64  5:06  Blink  
  69  5:09  Probe (Chrono Boost)  
  69  5:12  Protoss Ground Weapons Level 1 (Chrono Boost)  
  72  5:14  Probe x2 (Chrono Boost)  
  72  5:15  Probe (Chrono Boost)  
  73  5:22  Probe  
  73  5:23  Probe x2  
  73  5:25  Stalker  
  73  5:26  Stalker  
  79  5:32  Pylon  
  79  5:34  Probe  
  79  5:35  Probe x2  
  80  5:46  Templar Archives, Probe  
  80  5:47  Probe x2  
  79  5:52  Assimilator  
  79  5:58  Probe  
  79  5:59  Probe x2  
  79  6:02  Stalker x5  
  92  6:05  Photon Cannon  
  92  6:07  Assimilator  
  92  6:09  Pylon  
  92  6:20  Psionic Storm  
  92  6:22  Gateway  
  92  6:25  Nexus  
  92  6:27  Pylon  
  92  6:30  Pylon  
  93  6:32  Probe  
  93  6:33  Probe x2  
  93  6:36  Gateway  
  93  6:38  Gateway  
  95  6:40  Stalker  
  95  6:44  High Templar x2  
  95  6:46  Pylon, High Templar  
  103  6:52  Photon Cannon  
  103  6:55  Pylon  
  103  6:58  High Templar  
  105  7:02  Robotics Facility  
  105  7:04  Probe x3  
  105  7:06  Protoss Ground Weapons Level 2 (Chrono Boost)  
  108  7:12  Charge  
  108  7:16  Probe x3  
  111  7:23  Stalker x2  
  111  7:28  Probe x3  
  118  7:30  Zealot x2, Assimilator  
  118  7:31  Zealot x3  
  118  7:34  Assimilator  
  128  7:37  Photon Cannon, Pylon  
  128  7:38  Pylon  
  128  7:47  Sentry  
  128  7:49  Shield Battery  
  130  7:52  Shield Battery  
  130  7:53  High Templar  
  130  7:54  High Templar  
  130  7:57  Probe x4  
  138  8:00  Gateway  
  138  8:02  Photon Cannon  
  138  8:05  High Templar x2, Stalker x2  
  142  8:08  Shield Battery  
  142  8:10  Photon Cannon  
  142  8:12  Archon  
  146  8:13  Robotics Facility  
  146  8:19  Observer (Chrono Boost)  
  147  8:31  Stalker x5  
  147  8:33  Nexus  
  157  8:35  Pylon  
  157  8:52  Immortal (Chrono Boost)  
  149  8:58  Immortal (Chrono Boost)  
  151  9:04  Stalker x3  
  151  9:05  Stalker x4  
  151  9:08  Probe x4  
  169  9:10  Stalker  
  169  9:13  Shield Battery  
  169  9:14  Pylon  
  169  9:15  Pylon  
  170  9:31  Immortal (Chrono Boost)  
  170  9:32  Immortal (Chrono Boost)  
  167  9:38  Stalker x6  
  167  9:39  Stalker  
  181  9:50  Stalker  
  163  10:03  Stalker  
  163  10:04  Immortal x2 (Chrono Boost), Stalker x5  
  165  10:22  Protoss Ground Weapons Level 3 (Chrono Boost)  
  165  10:23  High Templar  
  165  10:37  Immortal (Chrono Boost)  
  165  10:41  Observer (Chrono Boost)  
  170  10:45  Stalker x3  
  170  10:46  Stalker x4  
  184  10:51  Stargate  
  184  10:52  Stargate  
  184  10:53  Fleet Beacon  
  184  10:56  Probe x2  
  184  10:57  Probe x3  
  188  10:58  Photon Cannon  
  188  10:59  Photon Cannon  
  188  11:01  Photon Cannon  
  188  11:02  Photon Cannon, Zealot  
  191  11:05  Shield Battery  
  191  11:10  Gateway  
  191  11:14  Assimilator  
  191  11:16  Assimilator  
  191  11:24  Stalker x4  
  199  11:27  Photon Cannon  
  199  11:29  Photon Cannon  
  199  11:32  Shield Battery  
  199  11:37  Protoss Air Weapons Level 1  
  197  11:58  Immortal x2  
  179  12:01  Stalker x8  
  195  12:27  Carrier  
  193  12:34  Archon  
  177  12:39  Zealot x3  
  177  12:40  Zealot x5  
  177  12:42  Carrier  
  199  12:46  Immortal  
  199  12:47  Immortal  
Tags
 
Add a new tag
Caveats
  • Supply blocks, unpowered buildings, or Contaminate may cause inaccurate times.
  • Supply counts are checked every 10 seconds.